 Dungeon Crawl Stone Soup version 0.29-a0-668-g12ee2bf84d (webtiles) character file.

Game seed: 13023057277313344884

93 zeratav the Sneak (level 4, -1/37 HPs)
             Began as a Formicid Fighter on June 23, 2022.
             Slain by an orc wizard
             ... wielding a +0 dagger
              (4 damage)
             ... on level 3 of the Dungeon.
             The game lasted 00:02:16 (2609 turns).

zeratav the Sneak (Formicid Fighter)                Turns: 2609, Time: 00:02:17

Health: -1/37      AC:  6    Str: 22    XL:     4   Next: 92%
Magic:  4/4        EV:  9    Int:  8    God:
Gold:   95         SH:  5    Dex: 13    Spells: 3/3 levels left

rFire   + . .      SeeInvis +   a - +0 war axe {axe}
rCold   . . .      Faith    .   c - +0 buckler
rNeg    . . .      Spirit   .   b - +0 scale mail
rPois   .          Reflect  .   (helmet unavailable)
rElec   .          Harm     .   (no cloak)
rCorr   .          Rampage  .   (no gloves)
Will    .....                   (no boots)
Stlth   +.........              (no amulet)
HPRegen 0.12/turn               f - ring of protection from fire
MPRegen 0.09/turn               (no ring)

@: no status effects
A: permanent stasis, dig shafts and tunnels, antennae 3, four strong arms
a: Dig, Shaft Self


You were on level 3 of the Dungeon.
You visited 1 branch of the dungeon, and saw 3 of its levels.

You collected 95 gold pieces.


Innate Abilities, Weirdness & Mutations

You cannot be hasted, slowed, berserked, paralysed or teleported.
You can dig through walls and to a lower floor.
You have a pair of large antennae on your head. (SInv)
Your four strong arms can wield two-handed weapons with a shield.


   Skills:
 + Level 3.8 Fighting
 - Level 2.0 Axes
 - Level 3.2 Armour
 - Level 5.0 Stealth
 - Level 4.0 Shields


You had 3 spell levels left.
You didn't know any spells.
Your spell library contained the following spells:

 Spells                   Type           Power      Damage    Failure   Level
 Ensorcelled Hibernation  Hex/Ice        0%         N/A       91%         2
 Passwall                 Tmut/Erth      0%         N/A       91%         2
 Swiftness                Air            Unusable   N/A       N/A         3

Inventory:

Hand Weapons
 a - a +0 war axe (weapon) {axe}
Armour
 b - a +0 scale mail (worn)
 c - a +0 buckler (worn)
 r - an orb of guile
   (You found it on level 3 of the Dungeon)
Jewellery
 f - a ring of protection from fire (left hand)
   (You found it on level 1 of the Dungeon)
Wands
 p - a wand of iceblast (9)
   (You found it on level 3 of the Dungeon)
Scrolls
 g - 3 scrolls of identify {unknown}
 i - a scroll of amnesia {unknown}
 l - a scroll of fog {unknown}
 m - a scroll of noise {unknown}
 n - a scroll of summoning {unknown}
 o - a scroll of blinking {unknown}
 q - a scroll of teleportation {unknown}
Potions
 d - a potion of might
 e - a potion of invisibility {unknown}
 h - a potion of heal wounds {unknown}
 j - a potion of cancellation {unknown}
 k - a potion of curing {@q1}

Dungeon Overview and Level Annotations

Branches:
Dungeon (3/15) Zot: 15325

Altars:
Cheibriados
Ru

Shops:
D:1 : D:2

[ # #.##.# #
#.##.########### #
#<##.#.........#
####.##.#.#######.#
>....##.#.# ...#.#
#######.#.#.###.#.#
# #...#.......# #
#########.########
# #..@)...... #
#..o)..<... #
#.......... .
............
#############


You could see an orc wizard (invisible).


Message History

The orc wizard hits you with a +0 dagger. x2
The orc wizard hits you but does no damage.
HP[-6]
You take 6 damage, and now have 16/29 hp.
MASSIVE DAMAGE!! (PAUSE)
You are too injured to fight recklessly!
You are too injured to fight recklessly!
You are too injured to fight recklessly!
You are too injured to fight recklessly!
You are too injured to fight recklessly!
You are too injured to fight recklessly!
You are too injured to fight recklessly!
You are too injured to fight recklessly!
You are too injured to fight recklessly!
You are too injured to fight recklessly!
You are too injured to fight recklessly!
You are too injured to fight recklessly!
You are too injured to fight recklessly!
You are too injured to fight recklessly!
You are too injured to fight recklessly!
You are too injured to fight recklessly!
You are too injured to fight recklessly!
You are too injured to fight recklessly!
You are too injured to fight recklessly!
You are too injured to fight recklessly!
You are too injured to fight recklessly!
You are too injured to fight recklessly!
You barely miss the orc wizard. x2; You closely miss the rat.
You closely miss the orc wizard. The rat bites you but does no damage.
The orc wizard points at you and mumbles some strange words.
The magic dart hits you!
* * * LOW HITPOINT WARNING * * *
The orc wizard misses you.
The orc wizard casts a spell.
The orc wizard flickers and vanishes for a moment.
HP[-7]
You take 7 damage, and now have 9/29 hp.
MASSIVE DAMAGE!! (PAUSE)
You barely miss the orc wizard. You barely miss the rat.
You hit the orc wizard. You slash the orc wizard! The rat closely misses you.
You block the orc wizard's attack. The orc wizard closely misses you.
You block the orc wizard's attack. The rat barely misses you.
The orc wizard hits you with a +0 dagger.
* * * LOW HITPOINT WARNING * * *
The orc wizard hits you with a +0 dagger.
* * * LOW HITPOINT WARNING * * *
The orc wizard hits you with a +0 dagger.
* * * LOW HITPOINT WARNING * * *
HP[-6]
You take 6 damage, and now have 3/29 hp.
MASSIVE DAMAGE!! (PAUSE)
You hit the orc wizard but do no damage.
You closely miss the rat. You barely miss the orc wizard.
You slash the orc wizard!
You kill the orc wizard!
The rat bites you but does no damage.
The orc wizard hits you but does no damage.
The orc wizard gestures at you while chanting.
You resist with some effort.
You have reached level 4!
You feel clever.
HP[+1] MP[+1]
You now have 35 max hp (+6).
Your mp is fully restored (4).
You slash the orc wizard! You hit the rat but do no damage.
You hit the orc wizard. The rat bites you but does no damage.
The orc wizard hits you but does no damage.
The orc wizard casts a spell at you. You resist with some effort.
You barely miss the rat.
You hit the orc wizard but do no damage.
You hit the orc wizard.
You kill the orc wizard!
The rat twitches its whiskers.
The rat bites you.
* * * LOW HITPOINT WARNING * * *
The orc wizard barely misses you. The rat closely misses you.
The orc wizard closely misses you.
Training target 5.0 for Stealth reached!
Your Stealth skill increases to level 5!
You need to enable at least one skill for training.
HP[-1]
You now have 37 max hp (+2).
You closely miss the orc wizard. You barely miss the rat.
The rat closely misses you.
The orc wizard drinks a potion.
The orc wizard is healed!
You hit the orc wizard. You closely miss the rat. The rat barely misses you.
The orc wizard hits you with a +0 dagger.
* * * LOW HITPOINT WARNING * * *
The rat closely misses you. The orc wizard closely misses you.
HP[-1]
You take 1 damage, and now have 2/37 hp.
You hit the orc wizard. You hit the rat.
You kill the rat!
The orc wizard barely misses you.
You closely miss the orc wizard. You block the orc wizard's attack.
The orc wizard hits you but does no damage.
You hit the orc wizard.
The orc wizard hits you with a +0 dagger.
You die...

Skill      XL: |  1  2  3  4 |
---------------+-------------+-----
Stealth        | 2 3 4 5 |  5.0
Fighting       | |  3.8
Axes           | |  2.0
Armour         | |  3.2
Shields        | |  4.0

Action                   |  1- 3 |  4- 6 || total
-------------------------+-------+-------++-------
Melee: War axe           |   109 |     7 ||   116
Armor: Scale mail        |    65 |     3 ||    68
Dodge: Dodged            |    56 |     8 ||    64
Block: Buckler           |    29 |     1 ||    30

Levels and vault maps discovered:
D:1:      beargit_arrival_greenhouse, layout_basic, serial_rivers,
          chequers_serial_rivers_micro_d, chequers_serial_rivers_micro_a,
          chequers_serial_rivers_micro_e, chequers_serial_rivers_large_a,
          chequers_serial_rivers_marsh, chequers_serial_rivers_micro_b,
          serial_shops, shop_fountains, basic_ecumenical_altar
D:2:      layout_loops_ring, serial_shops, nicolae_shop_hallway_plus
D:3:      layout_basic, old_standard_altar, mainiacjoe_overflow_boulevard,
          minmay_misc_feat_plants

Notes
Turn   | Place    | Note
-------+----------+-------------------------------------------
     0 | D:1      | zeratav the Formicid Fighter began the quest for the Orb.
     0 | D:1      | Reached XP level 1. HP: 18/18 MP: 1/1
     0 | D:1      | magus.rc [v1.9.6]
    45 | D:1      | Reached skill level 1 in Stealth
   487 | D:1      | Found Divvadad's Book Emporium.
   542 | D:1      | Reached skill level 2 in Stealth
   542 | D:1      | Reached XP level 2. HP: 18/24 MP: 2/2
   795 | D:1      | Found a faded altar of an unknown god.
   982 | D:2      | You pick up a book of Burglary and begin reading...
   982 | D:2      | You add the spells Passwall and Ensorcelled Hibernation to
                  | your library.
   998 | D:2      | Found Xoporoar's Antique Armour Emporium.
  1108 | D:2      | Reached skill level 3 in Stealth
  1217 | D:2      | HP: 6/24 [poisoned by an adder]
  1218 | D:2      | Reached XP level 3. HP: 8/29 MP: 3/3
  2035 | D:3      | Reached skill level 4 in Stealth
  2192 | D:3      | Found a snail-covered altar of Cheibriados.
  2553 | D:3      | Found a sacrificial altar of Ru.
  2601 | D:3      | HP: 5/29 [orc wizard/+0 dagger (4)]
  2603 | D:3      | Reached XP level 4. HP: 4/35 MP: 4/4
  2605 | D:3      | Reached skill level 5 in Stealth
  2606 | D:3      | HP: 2/37 [orc wizard/+0 dagger (1)]
  2609 | D:3      | Slain by an orc wizard

Vanquished Creatures
  2 orc wizards (D:3)
  An adder (D:2)
  A dart slug (D:2)
  An orc (D:3)
  2 ball pythons (D:2)
  3 endoplasms
  A giant cockroach (D:2)
  7 hobgoblins
  2 quokkas
  5 bats
  2 frilled lizards
  2 kobolds
  5 rats
34 creatures vanquished.

Vanquished Creatures (others)
  4 fungi (D:3)
4 creatures vanquished.

Grand Total: 38 creatures vanquished

Table legend:
 A = Non-vault XP
 B = Vault XP
 C = Vault XP percentage of total XP
 D = Non-vault monster count
 E = Vault monster count
 F = Vault count percentage of total count
                 A         B        C        D         E       F
            +---------+---------+-------+---------+---------+-------
      Total |     134 |       0 |   0.0 |      34 |       0 |   0.0
            +---------+---------+-------+---------+---------+-------
        D:1 |      13 |       0 |   0.0 |       8 |       0 |   0.0
        D:2 |      32 |       0 |   0.0 |      13 |       0 |   0.0
        D:3 |      89 |       0 |   0.0 |      13 |       0 |   0.0
            +---------+---------+-------+---------+---------+-------

Illustrated notes

Table legend:
 A = Kills in this place as a percentage of kills in entire the game.
 B = Kills by you in this place as a percentage of kills by you in the entire game.
 C = Kills by friends in this place as a percentage of kills by friends in the entire game.
 D = Other kills in this place as a percentage of other kills in the entire game.
 E = Experience gained in this place as a percentage of experience gained in the entire game.
 F = Experience gained in this place divided by the number of levels of this place that you have seen.
                   A       B       C       D       E      F
               +-------+-------+-------+-------+-------+----------------------
         Total | 100.0 | 100.0 |   N/A |   N/A | 100.0 |  44.7
       Dungeon | 100.0 | 100.0 |   N/A |   N/A | 100.0 |  44.7
               +-------+-------+-------+-------+-------+----------------------

Table legend: (Time is in decaauts)
 A = Elapsed time spent in this place.
 B = Non-inter-level travel time spent in this place.
 C = Inter-level travel time spent in this place.
 D = Time resting spent in this place.
 E = Time spent auto-exploring this place.
 F = Levels seen in this place.
 G = Mean time per level.
                   A        B        C        D        E       F      G
               +--------+--------+--------+--------+--------+-----+--------+
         Total |   2672 |   2603 |     69 |    509 |   1771 |   3 |  890.7 |
       Dungeon |   2672 |   2603 |     69 |    509 |   1771 |   3 |  890.7 |
               +--------+--------+--------+--------+--------+-----+--------+

Top non-repeatable levels by time:
     D:2: 1025 daAuts
     D:1: 950 daAuts
     D:3: 697 daAuts
